 Dungeon Crawl Stone Soup version 0.16.2-12-gd0ad4c3 (webtiles) character file.

19210 magipi the Cleaver (level 12, 0/96 HPs)
             Began as a Ghoul Gladiator on Dec 2, 2015.
             Was a High Priest of Makhleb.
             Slain by a troll (6 damage)
             ... on level 12 of the Dungeon.
             The game lasted 01:18:52 (10521 turns).

magipi the Cleaver (Ghoul Gladiator)               Turns: 10521, Time: 01:18:52

Health: 0/96       AC: 12    Str: 20    XL:     12   Next: 66%
Magic:  0/42       EV: 11    Int:  6    God:    Makhleb [*****.]
Gold:   676        SH:  0    Dex: 10    Spells: 0 memorised, 11 levels left

rFire  . . .     SeeInvis .     a - +1 war axe
rCold  + + .     Clarity  .     h - +2 ring mail {rC+}
rNeg   + + +     SustAb   .     (no shield)
rPois  ∞         Gourm    .     c - +1 helmet
rElec  .         Spirit   +     r - +0 cloak
rCorr  .         Warding  .     B - +1 pair of gloves
rMut   .         Stasis   .     (no boots)
MR     .....                    q - amulet of guardian spirit
Stlth  ..........               F - ring of magical power
                                j - ring of magical power

@: rotting, not resistant to hostile enchantments, extremely unstealthy
A: rotting body, claws 1, carnivore 3, cold resistance 1, negative energy
resistance 3, poison resistance, slow healing 1, torment resistance, unbreathing
a: Minor Destruction, Lesser Servant of Makhleb, Major Destruction, Greater
Servant of Makhleb, Renounce Religion


You were on level 12 of the Dungeon.
You worshipped Makhleb.
Makhleb was extremely pleased with you.
You were not hungry.

You visited 2 branches of the dungeon, and saw 14 of its levels.

You collected 676 gold pieces.

Inventory:

Hand weapons
 a - a +1 war axe (weapon)
 b - a +0 blowgun
Missiles
 g - 2 curare-tipped needles
 n - 52 poisoned needles
 w - 3 tomahawks (quivered)
Armour
 c - a +1 helmet (worn)
 h - a +2 ring mail of cold resistance (worn)
 r - a +0 cloak (worn)
 B - a +1 pair of gloves (worn)
 J - the +2 buckler of Dithmenos' Fury {rC+}
   (You found it on level 11 of the Dungeon)

   It protects you from cold.
Magical staves
 K - an uncursed staff of wizardry
Rods
 L - a +0 rod of destruction (14/14)
   (You found it on level 8 of the Dungeon)
 Q - a +0 rod of the swarm (14/14)
   (You found it on level 9 of the Dungeon)
Jewellery
 j - a ring of magical power (left hand)
 l - an uncursed ring of protection from cold {unknown}
 q - an amulet of guardian spirit (around neck)
 F - a ring of magical power (right hand)
Magical devices
 u - a wand of polymorph (12)
 y - a wand of fire (0)
 z - a wand of fireball (6)
 H - a wand of lightning (2)
 I - a wand of paralysis (8)
 O - a wand of slowing (9)
 R - a wand of cold (6)
 T - a wand of hasting (6)
Scrolls
 e - 12 scrolls of remove curse
 f - a scroll of vulnerability {unknown}
 m - 3 scrolls of teleportation
 G - a scroll of holy word {unknown}
 P - a scroll of enchant weapon
 V - a scroll of identify
Potions
 i - 2 potions of might
 k - a potion of cancellation
 p - 2 potions of flight
 s - 5 potions of curing
 t - a potion of heal wounds
 x - a potion of haste
 A - 2 potions of restore abilities
 C - a potion of magic
Books
 v - a book of Minor Magic

   Spells                             Type                      Level
   a - Magic Dart                     Conjuration                  1
   b - Blink                          Translocation                2
   c - Call Imp                       Summoning                    2
   d - Repel Missiles                 Charms/Air                   2
   e - Slow                           Hexes                        2
   f - Conjure Flame                  Conjuration/Fire             3
   g - Mephitic Cloud                 Conjuration/Poison/Air       3
 M - a book of the Earth

   Spells                             Type                      Level
   a - Leda's Liquefaction            Hexes/Earth                  4
   b - Bolt of Magma                  Conjuration/Fire/Earth       5
   c - Statue Form                    Transmutation/Earth          6
   d - Iron Shot                      Conjuration/Earth            6
   e - Shatter                        Earth                        9
 N - a book of the Tempests

   Spells                             Type                      Level
   a - Static Discharge               Conjuration/Air              3
   b - Lightning Bolt                 Conjuration/Air              5
   c - Fireball                       Conjuration/Fire             5
   d - Tornado                        Air                          9
   e - Shatter                        Earth                        9
 S - a book of Control

   Spells                             Type                      Level
   a - Control Teleport               Charms/Translocation         4
   b - Control Undead                 Necromancy                   4
   c - Enslavement                    Hexes                        4
   d - Metabolic Englaciation         Hexes/Ice                    5
   e - Mass Confusion                 Hexes                        6
Comestibles
 o - 4 meat rations


   Skills:
 - Level 6.3 Fighting
 - Level 12.4 Axes
 - Level 4.1 Throwing
 - Level 2.6 Dodging
 + Level 10.2 Invocations
 + Level 10.6 Evocations


You had 11 spell levels left.
You didn't know any spells.

Dungeon Overview and Level Annotations

Branches:
Dungeon (13/15)            Temple (1/1) D:5            Lair (0/8) D:10
    Orc (0/4) D:12
 Vaults: D:13-14

Altars:
Ashenzari
Cheibriados
Dithmenos
Elyvilon
Fedhas
Gozag
Kikubaaqudgha
Makhleb
Nemelex Xobeh
Okawaru
Qazlal
Ru
Sif Muna
Trog
Vehumet
Yredelemnul
Zin
The Shining One


Innate Abilities, Weirdness & Mutations

Your body is rotting away.
You thrive on raw meat.
You have sharp fingernails.
You are carnivorous and can eat meat at any time.
Your flesh is cold resistant.
You are immune to negative energy.
Your system is resistant to poisons.
You heal slowly when monsters are visible.
You are immune to unholy pain and torment.
You can survive without breathing.

Vault maps used:
D:1:      dpeg_arrival_tiny_a
D:2:      first_bread, minmay_misc_feat_doors
D:3:      minmay_goblin_kobold_castle, elyvilon_altar_5, tso_altar
D:4:      fiery_altar_vehumet
D:5:      nicolae_overflow_crystal_walls, minmay_temple_entry_overgrown,
          grunt_tough_drop
D:6:      kennysheep_mini
D:7:      kennysheep_mini_moat, tgw_xom, old_standard_altar, basic_altar,
          uniq_pikel
D:8:      the_bakery, hangedman_minor_gate_pass
D:10:     david_lair_shrubbed
D:12:     david_orc_3, basic_altar, uniq_nessos
D:13:     lightli_vaults_fourway_checkpoint, uniq_erica, uniq_josephine
Temple:   circular_temple_12


Message History

You slash the scorpion!
You kill the scorpion!
Makhleb accepts your kill.
You feel a little better. The mummy hits you.
You hit the mummy.
The mummy is severely damaged.
You hit the mummy but do no damage.
The mummy is severely damaged.
The mummy hits you.
You hit the mummy.
The mummy is severely damaged.
You slash the mummy!
You destroy the mummy!
Things that are here:
a giant club x2
You see here a scorpion corpse.
You butcher the scorpion corpse.
d - a chunk of flesh
Things that are here:
a giant club x2
Eat a chunk of flesh? (ye/n/q/i?) This raw flesh tastes great!
You continue eating. x2
A troll comes into view.
The troll shouts!
Quiver which item? (- for none, * to show all) (? for menu, Esc to quit)
Okay, then.
You slash the troll!
The troll is moderately wounded.
The troll completely misses you. The troll barely misses you.
The troll barely misses you.
A kobold demonologist comes into view. It is wielding a dagger of pain.
There is an escape hatch in the ceiling here.
The troll closely misses you. The troll claws you.
The troll claws you but does no damage. A mysterious force pulls you upwards.
The hatch slams shut behind you.
You slash the troll!
The troll is moderately wounded.
The troll barely misses you. The troll closely misses you.
The troll claws you but does no damage.
You slash the troll!
The troll is heavily wounded.
The troll barely misses you. The troll claws you. The troll claws you!
You closely miss the troll.
The troll is heavily wounded.
The troll closely misses you. The troll completely misses you.
The troll claws you.
You closely miss the troll.
The troll is heavily wounded.
The troll bites you! The troll claws you. The troll claws you!
You closely miss the troll.
The troll is heavily wounded.
The troll bites you!
* * * LOW HITPOINT WARNING * * *
The troll claws you but does no damage. x2
Things that are here:
an uncursed short sword; a stone
Things that are here:
2 stones; a short sword You see here a stone.
You see here a stone.
You see here a stone.
Drink which item? (? for menu, Esc to quit)
You feel much better. The troll bites you but does no damage.
The troll claws you! The troll claws you but does no damage.
Unknown command.
You barely miss the troll.
The troll is moderately wounded.
The troll barely misses you. The troll closely misses you. The troll claws you.
You slash the troll!
The troll is severely wounded.
The troll bites you. The troll claws you but does no damage.
The troll closely misses you.
You slash the troll!
The troll is almost dead.
The troll bites you. The troll barely misses you. The troll claws you!
You closely miss the troll.
The troll is almost dead.
The troll bites you but does no damage. The troll closely misses you.
The troll claws you but does no damage.
Unknown command.
You hit the troll.
The troll is almost dead.
You hit the troll but do no damage.
The troll is almost dead.
The troll bites you but does no damage. The troll claws you.
* * * LOW HITPOINT WARNING * * *
The troll claws you but does no damage.
You see here 3 stones.
You hit the troll.
The troll is almost dead.
The troll bites you!
* * * LOW HITPOINT WARNING * * *
The troll claws you.
* * * LOW HITPOINT WARNING * * *
The troll barely misses you. The troll bites you!
* * * LOW HITPOINT WARNING * * *
The troll barely misses you. The troll claws you!
You die...

.............# #..# #.#
.............## #..# #.###
......>.......# #..# #####....
..............#####..####...((.!.
............................####.
.............############[.(# #.
.............# ##### #.
)####..##########################
.# #..)((((.(.T@......^.....%...
)# ###########################..
.# #.. )# #.. .# #.. .## #.. !.##
#.. ##.## #.. ##.####### #..


You could see a troll.

Table legend:
 A = Kills in this place as a percentage of kills in entire the game.
 B = Kills by you in this place as a percentage of kills by you in the entire game.
 C = Kills by friends in this place as a percentage of kills by friends in the entire game.
 D = Other kills in this place as a percentage of other kills in the entire game.
 E = Experience gained in this place as a percentage of experience gained in the entire game.
 F = Experience gained in this place divided by the number of levels of this place that you have seen.
                   A       B       C       D       E      F
               +-------+-------+-------+-------+-------+----------------------
         Total | 100.0 | 100.0 | 100.0 | 100.0 | 100.0 | 1960.2
       Dungeon | 100.0 | 100.0 | 100.0 | 100.0 | 100.0 | 2111.0
               +-------+-------+-------+-------+-------+----------------------

Vanquished Creatures
  Nessos (D:12)
  Erica (D:13)
  3 hydras
  Pikel (D:7)
  A hill giant (D:12)
  2 manticores
  2 ugly things
  A centaur skeleton (D:10)
  A gargoyle (D:10)
  A kobold demonologist (D:12)
  A komodo dragon (D:10)
  4 trolls
  2 two-headed ogres
  A trapdoor spider zombie (D:11)
  A wraith (D:12)
  A shadow (D:9)
  A spriggan (D:8)
  17 yaks
  2 deep elf magi (D:12)
  2 hippogriffs
  The ghost of dvd the Chiller, an average OpIE (D:4)
  2 mottled dragons
  A black bear (D:11)
  2 phantoms
  8 orc warriors
  2 wasps
  2 sky beasts
  A slave (D:7)
  5 ice beasts
  7 centaurs
  2 necrophages
  11 ogres
  7 big kobolds
  11 giant frogs
  A gnoll sergeant (D:5)
  6 scorpions
  4 killer bees (D:11)
  A centaur zombie (D:5)
  5 crimson imps
  A giant frog zombie (D:8)
  A gnoll shaman (D:10)
  12 hounds
  A wasp zombie (D:7)
  9 orc priests
  4 iguanas
  4 jellies
  6 orc wizards
  7 worker ants
  A hound zombie (D:8)
  A hound skeleton (D:6)
  2 mummies
  17 gnolls
  19 adders
  2 giant mites
  3 shadow imps (D:6)
  An adder skeleton (D:9)
  8 giant geckos
  2 oozes
  37 orcs
  3 ball pythons
  15 bats
  2 bat skeletons (D:5)
  A bat zombie (D:6)
  2 giant cockroaches
  10 goblins
  12 hobgoblins
  12 jackals
  58 kobolds
  A giant cockroach zombie (D:5)
  7 giant newts
  A jackal skeleton (D:5)
  4 quokkas
  A quokka skeleton (D:6)
  2 quokka zombies (D:5)
  14 rats
  10 ballistomycetes
418 creatures vanquished.

Vanquished Creatures (collateral kills)
  An efreet (D:12)
  A hellwing (D:12)
2 creatures vanquished.

Vanquished Creatures (others)
  An orange demon (D:10)
  A deep elf mage (D:11)
  A vampire (D:12)
  A neqoxec (D:13)
  A mottled dragon (D:13)
  A slave (D:7)
  A jelly (D:11)
  4 giant spores
  3 ballistomycetes
  2 plants (D:10)
16 creatures vanquished.

Grand Total: 436 creatures vanquished

Notes
Turn   | Place    | Note
--------------------------------------------------------------
     0 | D:1      | magipi, the Ghoul Gladiator, began the quest for the Orb.
     0 | D:1      | Reached XP level 1. HP: 17/17 MP: 1/1
   113 | D:1      | Reached XP level 2. HP: 16/24 MP: 2/2
   116 | D:1      | Reached skill level 3 in Axes
   628 | D:1      | Reached XP level 3. HP: 29/29 MP: 3/3
   996 | D:2      | Reached XP level 4. HP: 24/36 MP: 3/3
  1365 | D:3      | Reached skill level 4 in Axes
  1365 | D:3      | Reached XP level 5. HP: 34/41 MP: 4/4
  1448 | D:3      | Found a glowing golden altar of the Shining One.
  1721 | D:3      | Noticed a big kobold
  1733 | D:3      | Killed a big kobold
  1733 | D:3      | Reached XP level 6. HP: 40/48 MP: 5/5
  1790 | D:3      | Noticed an ice beast
  1803 | D:3      | Killed an ice beast
  1803 | D:3      | Reached skill level 5 in Axes
  1820 | D:3      | Noticed a big kobold
  1844 | D:3      | Killed a big kobold
  1968 | D:3      | Noticed a big kobold
  1968 | D:3      | Noticed a big kobold
  1968 | D:3      | Noticed a big kobold
  1968 | D:3      | Noticed a big kobold
  2054 | D:3      | Killed a big kobold
  2054 | D:3      | Reached skill level 6 in Axes
  2054 | D:3      | Reached XP level 7. HP: 43/55 MP: 5/5
  2064 | D:3      | Killed a big kobold
  2181 | D:3      | Found a white marble altar of Elyvilon.
  2304 | D:3      | Killed a big kobold
  2563 | D:4      | Noticed dvd's ghost (average OpIE)
  2605 | D:4      | Killed dvd's ghost
  2605 | D:4      | Reached skill level 7 in Axes
  2671 | D:4      | Reached XP level 8. HP: 56/61 MP: 6/6
  2741 | D:4      | Found a radiant altar of Vehumet.
  2879 | D:4      | Reached skill level 8 in Axes
  3234 | D:5      | Entered Level 5 of the Dungeon
  3738 | D:5      | Reached skill level 9 in Axes
  3765 | D:5      | Found a staircase to the Ecumenical Temple.
  3780 | Temple   | Entered the Ecumenical Temple
  3808 | Temple   | Became a worshipper of Makhleb the Destroyer
  3956 | D:5      | Found an ancient bone altar of Kikubaaqudgha.
  4235 | D:6      | Found a sparkling altar of Nemelex Xobeh.
  4477 | D:6      | Acquired Makhleb's first power
  4668 | D:7      | Found a bloodstained altar of Trog.
  4671 | D:7      | Reached XP level 9. HP: 67/67 MP: 7/7
  4767 | D:6      | Reached skill level 10 in Axes
  4990 | D:6      | Acquired Makhleb's second power
  5040 | D:7      | Found a glowing silver altar of Zin.
  5124 | D:7      | Noticed Pikel
  5167 | D:7      | Killed Pikel
  5167 | D:7      | Reached skill level 11 in Axes
  5202 | D:7      | Found a shadowy altar of Dithmenos.
  5649 | D:8      | Reached skill level 12 in Axes
  5678 | D:8      | Acquired Makhleb's third power
  5791 | D:7      | Reached XP level 10. HP: 68/73 MP: 7/7
  6051 | D:8      | Reached skill level 1 in Evocations
  6193 | D:8      | Identified a +0 rod of destruction (14/14) (You found it on level 8 of the Dungeon)
  6563 | D:9      | Acquired Makhleb's fourth power
  6698 | D:9      | Reached skill level 5 in Fighting
  6853 | D:9      | Reached skill level 5 in Evocations
  6870 | D:9      | Identified a +0 rod of the swarm (14/14) (You found it on level 9 of the Dungeon)
  6946 | D:9      | Reached skill level 1 in Invocations
  6955 | D:9      | Reached XP level 11. HP: 80/89 MP: 18/18
  7229 | D:10     | Entered Level 10 of the Dungeon
  7297 | D:10     | Found a staircase to the Lair.
  7368 | D:10     | Acquired Makhleb's fifth power
  7655 | D:10     | Reached skill level 5 in Invocations
  8171 | D:11     | Noticed a five-headed hydra
  8342 | D:11     | Killed a five-headed hydra
  8804 | D:11     | Got a slimy buckler
  8810 | D:11     | Identified the +2 buckler of Dithmenos' Fury {rC+} (You found it on level 11 of the Dungeon)
  8905 | D:12     | Found a staircase to the Orcish Mines.
  9135 | D:12     | Noticed Nessos
  9287 | D:12     | Noticed an eight-headed hydra
  9322 | D:12     | Reached XP level 12. HP: 79/96 MP: 22/22
  9352 | D:12     | Found a shadowy altar of Dithmenos.
  9424 | D:12     | Noticed a hill giant
  9513 | D:12     | Killed a hill giant
  9590 | D:12     | Killed Nessos
  9990 | D:12     | Noticed a four-headed hydra
  9993 | D:12     | Killed a four-headed hydra
 10131 | D:12     | Reached skill level 10 in Evocations
 10157 | D:13     | Noticed Erica
 10171 | D:13     | Killed Erica
 10234 | D:13     | Noticed a green death
 10382 | D:12     | Reached skill level 10 in Invocations
 10443 | D:13     | Killed an eight-headed hydra
 10521 | D:12     | Slain by a troll

Action                   |  1- 3 |  4- 6 |  7- 9 | 10-12 || total
-------------------------+-------+-------+-------+-------++-------
Melee: War axe           |   109 |   192 |   550 |   988 ||  1839
 Fire: Blowgun           |       |       |       |    17 ||    17
Throw: Throwing net      |       |     2 |     1 |     6 ||     9
       Tomahawk          |       |       |    10 |       ||    10
       Javelin           |       |       |       |     9 ||     9
Invok: Lesser Servant of |       |       |       |     3 ||     3
       Greater Servant o |       |       |       |     2 ||     2
Evoke: Wand              |       |       |       |    23 ||    23
  Use: Scroll            |       |       |    15 |    21 ||    36
       Potion            |       |       |       |     3 ||     3
 Stab: Distracted        |       |       |     1 |       ||     1
       Paralysed         |       |       |       |    22 ||    22
       Held in net/web   |       |       |       |     1 ||     1
  Eat: Chunk             |     9 |    23 |    36 |    78 ||   146
       Beef jerky        |       |       |       |     1 ||     1

Action                   |  1- 3 |  4- 6 |  7- 9 | 10-12 || total
-------------------------+-------+-------+-------+-------++-------
Melee: War axe           |   109 |   192 |   550 |   988 ||  1839
 Fire: Blowgun           |       |       |       |    17 ||    17
Throw: Throwing net      |       |     2 |     1 |     6 ||     9
       Tomahawk          |       |       |    10 |       ||    10
       Javelin           |       |       |       |     9 ||     9
Invok: Lesser Servant of |       |       |       |     3 ||     3
       Greater Servant o |       |       |       |     2 ||     2
Evoke: Wand              |       |       |       |    23 ||    23
  Use: Scroll            |       |       |    15 |    21 ||    36
       Potion            |       |       |       |     3 ||     3
 Stab: Distracted        |       |       |     1 |       ||     1
       Paralysed         |       |       |       |    22 ||    22
       Held in net/web   |       |       |       |     1 ||     1
  Eat: Chunk             |     9 |    23 |    36 |    78 ||   146
       Beef jerky        |       |       |       |     1 ||     1

Action                   |  1- 3 |  4- 6 |  7- 9 | 10-12 || total
-------------------------+-------+-------+-------+-------++-------
Melee: War axe           |   109 |   192 |   550 |   988 ||  1839
 Fire: Blowgun           |       |       |       |    17 ||    17
Throw: Throwing net      |       |     2 |     1 |     6 ||     9
       Tomahawk          |       |       |    10 |       ||    10
       Javelin           |       |       |       |     9 ||     9
Invok: Lesser Servant of |       |       |       |     3 ||     3
       Greater Servant o |       |       |       |     2 ||     2
Evoke: Wand              |       |       |       |    23 ||    23
  Use: Scroll            |       |       |    15 |    21 ||    36
       Potion            |       |       |       |     3 ||     3
 Stab: Distracted        |       |       |     1 |       ||     1
       Paralysed         |       |       |       |    22 ||    22
       Held in net/web   |       |       |       |     1 ||     1
  Eat: Chunk             |     9 |    23 |    36 |    78 ||   146
       Beef jerky        |       |       |       |     1 ||     1
